 Dungeon Crawl Stone Soup version 0.29-a0-472-ge5599a681e (webtiles) character file.

Game seed: 18350120748902670514

1449 greenreed the Poker (level 8, -2/63 HPs)
             Began as a Hill Orc Enchanter on May 22, 2022.
             Was a Believer of Beogh.
             Slain by a bullfrog (8 damage)
             ... in a sewer.
             The game lasted 00:19:50 (9108 turns).

greenreed the Poker (Hill Orc Enchanter)            Turns: 9108, Time: 00:19:51

Health: -2/63      AC:  3    Str: 11    XL:     8   Next: 75%
Magic:  12/12      EV: 12    Int: 21    God:    Beogh [**....]
Gold:   108        SH:  5    Dex: 11    Spells: 10/12 levels left

rFire   . . .      SeeInvis .   s - +8 spear of Poverty {vorpal, Will+ Int+4}
rCold   . . .      Faith    .   (no shield)
rNeg    . . .      Spirit   .   b - +0 robe
rPois   .          Reflect  +   (no helmet)
rElec   .          Harm     .   (no cloak)
rCorr   .          Rampage  .   r - +0 pair of gloves
Will    ++...                   (no boots)
Stlth   +++.......              C - amulet of reflection
HPRegen 0.20/turn               p - ring of willpower
MPRegen 0.13/turn               (no ring)

@: flying, invisible
A: no striking features
a: Renounce Religion, Smiting


You were in a sewer.
You worshipped Beogh.
Beogh was pleased with you.
You visited 1 branch of the dungeon, and saw 6 of its levels.
You also visited: Sewer.

You collected 366 gold pieces.
You spent 258 gold pieces at shops.

Inventory:

Hand Weapons
 a - a +1 dagger
 s - the +8 spear of Poverty (weapon) {vorpal, Will+ Int+4}
   (You found it on level 2 of the Dungeon)

   It inflicts extra damage upon your enemies.
   Int:       It affects your intelligence (+4).
   Will:      It increases your willpower.
Missiles
 h - 2 poisoned darts (quivered)
 B - a throwing net
 D - 2 datura-tipped darts
Armour
 b - a +0 robe (worn)
 r - a +0 pair of gloves (worn)
Jewellery
 p - a ring of willpower (left hand)
 C - an amulet of reflection (around neck)
Wands
 j - a wand of polymorph (12)
Scrolls
 f - 2 scrolls of vulnerability
 i - 2 scrolls of amnesia
 m - 2 scrolls of noise
 q - 2 scrolls of fog
 u - 3 scrolls of teleportation
 v - 2 scrolls of magic mapping
 y - 2 scrolls of poison
 E - a scroll of identify
 F - a scroll of brand weapon {unknown}
Potions
 d - 4 potions of flight
 e - a potion of haste {unknown}
 g - 4 potions of berserk rage
 k - 3 potions of curing
 l - 2 potions of brilliance
 n - 2 potions of attraction
 o - a potion of mutation {unknown}
 t - a potion of cancellation {unknown}
 w - 2 potions of degeneration {unknown}
 x - a potion of might {unknown}
 z - 2 potions of magic
 A - 3 potions of heal wounds {unknown}
 G - 2 potions of lignification {unknown}


   Skills:
 + Level 3.5 Fighting
 - Level 2.0 Short Blades
 + Level 5.6 Polearms
 + Level 3.2 Dodging
 + Level 5.1 Stealth
 + Level 0.9 Shields
 + Level 2.9 Spellcasting
 + Level 4.2 Hexes
 + Level 2.2 Ice Magic


You had 10 spell levels left.
You knew the following spells:

 Your Spells              Type           Power      Damage    Failure   Level
a - Ensorcelled Hibernat  Hex/Ice        32%        N/A       5%          2

Your spell library contained the following spells:

 Spells                   Type           Power      Damage    Failure   Level
 Confusing Touch          Hex            21%        N/A       7%          3
 Tukima's Dance           Hex            21%        N/A       7%          3
 Dazzling Flash           Conj/Hex       24%        N/A       17%         3
 Spider Form              Tmut/Pois      3%         N/A       38%         3
 Anguish                  Hex/Necr       6%         N/A       50%         4
 Yara's Violent Unravell  Hex/Tmut       6%         3d5       83%         5
 Enfeeble                 Hex            10%        N/A       100%        7


Dungeon Overview and Level Annotations

Branches:
Dungeon (6/15)             Temple (0/1) D:4           Sewer (1/1)

Altars:

Shops:
D:1 ?   D:5 !

Annotations:
D:4 1 runed translucent door, exclusion: steam dragon, xian's ghost, amateur MiFi


Message History

You block the bullfrog's attack. The bullfrog closely misses you.
You feel better. The adder barely misses you. The bullfrog misses you.
You block the bullfrog's attack. You block the adder's attack.
You hit the adder.
The adder is severely wounded.
The bullfrog barely misses you. You block the bullfrog's attack.
The adder closely misses you. The bullfrog misses you.
You catch the helpless adder completely off-guard!
You puncture the adder!
You kill the adder!
Beogh accepts your kill.
The bullfrog swells and bulges.
The bullfrog misses you. The bullfrog barely misses you.
The bullfrog closely misses you. The bullfrog misses you.
You puncture the bullfrog!
The bullfrog is heavily wounded.
The bullfrog hits you but does no damage.
The bullfrog closely misses you.
You puncture the bullfrog!
You kill the bullfrog!
Beogh accepts your kill. The bullfrog hits you.
* * * LOW HITPOINT WARNING * * *
You strike the helpless bullfrog from behind!
You hit the bullfrog.
The bullfrog is heavily wounded.
The bullfrog hits you but does no damage.
The bullfrog barely misses you.
You hit the bullfrog.
The bullfrog is heavily wounded.
The bullfrog closely misses you.
You completely miss the bullfrog.
The bullfrog is heavily wounded.
The bullfrog hits you.
* * * LOW HITPOINT WARNING * * *
You hit the bullfrog.
The bullfrog is almost dead.
The bullfrog hits you!
You die...

##..†## #...#####
#....'..# #....#..#
##...####
#....################## #
#..†...≈≈≈≈≈≈≈≈≈≈≈≈≈≈≈#..
##.....≈≈≈≈≈≈F≈≈≈≈≈≈≈≈≈..
#....≈≈≈≈≈≈@≈≈≈≈≈≈≈≈≈≈..
#....≈≈≈≈≈≈≈#≈†≈≈≈≈≈≈...
##...≈≈≈≈≈≈#≈†.≈#≈≈≈≈≈S.
###.#≈≈≈≈≈≈≈≈≈≈≈≈≈≈≈...
#####################


You could see a bullfrog (can't see you).

Vanquished Creatures
  A black bear (D:5)
  An ogre (D:5)
  A centaur (D:6)
  2 phantoms
  A bullfrog (Sewer)
  A necrophage (D:4)
  2 scorpions
  A howler monkey (D:6)
  2 jellies (D:5)
  5 hounds
  Crazy Yiuf (D:2)
  2 orc priests (D:6)
  3 iguanas
  2 orc wizards
  7 gnolls
  11 adders
  3 river rats (Sewer)
  A white imp (D:4)
  An ufetubus (D:5)
  2 dart slugs
  6 orcs
  11 endoplasms
  2 giant cockroaches
  6 goblins
  6 hobgoblins
  9 jackals
  17 kobolds
  9 quokkas
  20 ball pythons
  3 bats
  2 frilled lizards
  30 rats
171 creatures vanquished.

Vanquished Creatures (others)
  An orc priest (D:4)
  A goblin (D:4)
  26 plants
  2 withered plants (D:4)
30 creatures vanquished.

Grand Total: 201 creatures vanquished

Notes
Turn   | Place    | Note
-------+----------+-------------------------------------------
     0 | D:1      | greenreed the Hill Orc Enchanter began the quest for the
                  | Orb.
     0 | D:1      | Reached XP level 1. HP: 14/14 MP: 3/3
     9 | D:1      | Noticed a centaur
   156 | D:1      | Reached XP level 2. HP: 15/20 MP: 4/4
   173 | D:1      | Learned a level 2 spell: Ensorcelled Hibernation
   317 | D:1      | Found a faded altar of an unknown god.
   359 | D:1      | Found Atamu's Magic Scroll Emporium.
   912 | D:1      | Reached XP level 3. HP: 26/26 MP: 5/5
  1585 | D:1      | You fall into a shaft and drop 1 floor!
  1684 | D:2      | Found a runed translucent door.
  1685 | D:2      | Noticed Crazy Yiuf
  1687 | D:2      | Found the +6 shillelagh "Devastator" {shatter}
  2847 | D:2      | Reached XP level 4. HP: 19/34 MP: 6/6
  3469 | D:2      | Reached skill level 1 in Fighting
  3706 | D:2      | Identified the +8 spear of Poverty {vorpal, Will+ Int+4}
  4116 | D:3      | Reached XP level 5. HP: 40/40 MP: 8/8
  4695 | D:3      | Reached skill level 1 in Polearms
  4863 | D:4      | Noticed a steam dragon
  5067 | D:4      | Reached XP level 6. HP: 47/47 MP: 4/9
  5164 | D:4      | Became a worshipper of Beogh the Brigand
  5286 | D:4      | Found a staircase to the Ecumenical Temple.
  5821 | D:4      | Found a runed translucent door.
  5826 | D:4      | Noticed xian's ghost (amateur MiFi)
  6002 | D:5      | Entered Level 5 of the Dungeon
  6111 | D:5      | Reached skill level 1 in Ice Magic
  6111 | D:5      | Reached XP level 7. HP: 30/55 MP: 10/10
  6965 | D:5      | Found Fuprik's Distillery.
  6973 | D:5      | Bought a potion of curing for 33 gold pieces
  6973 | D:5      | Bought a potion of curing for 33 gold pieces
  6973 | D:5      | Bought a potion of flight for 33 gold pieces
  7494 | D:5      | Reached XP level 8. HP: 62/62 MP: 11/11
  7892 | D:1      | Bought a scroll of magic mapping for 38 gold pieces
  7892 | D:1      | Bought a scroll of identify for 22 gold pieces
  7892 | D:1      | Bought a scroll of identify for 22 gold pieces
  7892 | D:1      | Bought a scroll of identify for 22 gold pieces
  7892 | D:1      | Bought a scroll of identify for 22 gold pieces
  7892 | D:1      | Bought a scroll of noise for 11 gold pieces
  7892 | D:1      | Bought a scroll of identify for 22 gold pieces
  7968 | D:2      | Killed Crazy Yiuf
  8166 | D:6      | Reached skill level 5 in Polearms
  8457 | D:6      | Reached * piety under Beogh
  8539 | D:6      | Reached skill level 5 in Stealth
  8814 | D:6      | Found a glowing drain.
  8823 | Sewer    | Entered a sewer
  9005 | Sewer    | Reached ** piety under Beogh
  9098 | Sewer    | HP: 2/63 [bullfrog (3)]
  9108 | Sewer    | Slain by a bullfrog

Illustrated notes

Levels and vault maps discovered:
D:1:      evilmike_arrival_come_back, layout_loops_corners,
          hellmonk_ecumenical_altar_arch_garden, serial_shops,
          nicolae_shop_hallway_stairs, lexackson_kobold_supper
D:2:      layout_basic, chequers_decorated_corner, minmay_bisected,
          uniq_crazy_yiuf_cottage
D:3:      layout_basic
D:4:      layout_loops_corners, minmay_temple_entry_glassed_door,
          gammafunk_ghost_grave, kennysheep_generic_room_15
D:5:      layout_basic, serial_shops, kennysheep_little_box
D:6:      layout_loops_cross, gup_sewer_entry_bubbles, serial_bayou_lagoon_b
Sewer:    sewer_minmay_w

Skill      XL: |  1  2  3  4  5  6  7  8 |
---------------+-------------------------+-----
Dodging        | 2 3 |  3.2
Fighting       | 1 2 3 |  3.5
Short Blades   | 2 |  2.0
Stealth        | 3 4 5 |  5.1
Spellcasting   | 2 |  2.9
Polearms       | 2 3 4 5 |  5.6
Ice Magic      | 1 2 |  2.2
Hexes          | 4 |  4.2
Shields        | |  0.9

Action                   |  1- 3 |  4- 6 |  7- 9 || total
-------------------------+-------+-------+-------++-------
Melee: Dagger            |   153 |    25 |       ||   178
       Punch             |     1 |       |       ||     1
       Spear             |       |   101 |   209 ||   310
 Cast: Ensorcelled Hiber |     5 |     6 |    32 ||    43
Invok: Convert to Beogh  |       |     1 |       ||     1
  Use: Potion            |     1 |       |     5 ||     6
       Scroll            |       |       |     9 ||     9
 Stab: Sleeping          |     8 |    17 |    19 ||    44
       Invisible         |     2 |       |     2 ||     4
       Distracted        |       |     1 |     1 ||     2
Armor: Robe              |    18 |    15 |    40 ||    73
Dodge: Dodged            |    64 |    50 |   122 ||   236
Block: Other             |       |       |    46 ||    46

Table legend: (Time is in decaauts)
 A = Elapsed time spent in this place.
 B = Non-inter-level travel time spent in this place.
 C = Inter-level travel time spent in this place.
 D = Time resting spent in this place.
 E = Time spent auto-exploring this place.
 F = Levels seen in this place.
 G = Mean time per level.
                   A        B        C        D        E       F      G
               +--------+--------+--------+--------+--------+-----+--------+
         Total |   9119 |   8468 |    651 |    699 |   6424 |   7 | 1302.7 |
       Dungeon |   8817 |   8166 |    651 |    699 |   6284 |   6 | 1469.5 |
         Sewer |    301 |    301 |      0 |      0 |    140 |   1 |  301.0 |
               +--------+--------+--------+--------+--------+-----+--------+

Top non-repeatable levels by time:
     D:1: 2648 daAuts
     D:5: 2100 daAuts
     D:2: 1568 daAuts
     D:4: 1253 daAuts
     D:3: 831 daAuts
     D:6: 415 daAuts
   Sewer: 301 daAuts
